 Dungeon Crawl Stone Soup version 0.17-a0-1880-gacf7e67 (webtiles) character file.

16214 barthelm the Nimble (level 12, -5/120 HPs)
             Began as a Troll Berserker on Sept 21, 2015.
             Was an Elder of Trog.
             Slain by a warg (12 damage)
             ... on level 2 of the Orcish Mines.
             The game lasted 01:46:25 (13431 turns).

barthelm the Nimble (Troll Berserker)              Turns: 13431, Time: 01:46:25

Health: -5/120     AC: 14    Str: 32    XL:     12   Next: 8%
Magic:  11/11      EV: 14    Int:  3    God:    Trog [****..]
Gold:   1060       SH:  0    Dex:  9    Spells: 0 memorised, 11 levels left

rFire  . . .     SeeInvis .     y - +5 mace
rCold  . . .     Clarity  .     b - +2 animal skin
rNeg   . . .     SustAt   +     (no shield)
rPois  +         Gourm    +     (helmet restricted)
rElec  .         Spirit   .     A - +2 cloak {rPois}
rCorr  .         Warding  .     (gloves unavailable)
rMut   +         Stasis   .     (boots unavailable)
MR     ++...                    N - amulet of resist mutation
Stlth  +.........               D - +4 ring of protection
                                Y - ring of sustain attributes

@: lethally poisoned (-5 -> -5), exhausted, about to teleport, regenerating,
slowed, very slow, very resistant to hostile enchantments, very unstealthy
A: unfitting armour, claws 3, fast metabolism 3, gourmand, regeneration 2,
shaggy fur 1, tough skin 2
a: Burn Spellbooks, Berserk, Trog's Hand, Brothers in Arms, Renounce Religion


You were on level 2 of the Orcish Mines.
You worshipped Trog.
Trog was greatly pleased with you.
You were very full.

You visited 3 branches of the dungeon, and saw 16 of its levels.
You also visited: Sewer.

You collected 1060 gold pieces.

Inventory:

Hand weapons
 y - a +5 mace (weapon)
 V - a +2 antimagic great mace
Missiles
 k - 11 large rocks
 l - 282 stones (quivered)
 r - 16 tomahawks
Armour
 b - a +2 animal skin (worn)
 z - a troll hide
 A - a +2 cloak of poison resistance (worn)
Rods
 T - a +2 rod of inaccuracy (10/10)
   (You found it on level 7 of the Dungeon)
Jewellery
 d - an uncursed amulet of guardian spirit
 D - a +4 ring of protection (right claw)
 N - an amulet of resist mutation (around neck)
 Y - a ring of sustain attributes (left claw)
Magical devices
 h - a wand of invisibility (4)
 w - a wand of frost (34)
 M - a wand of confusion (22)
 Q - a wand of digging (3)
 S - a wand of magic darts (28)
 U - a wand of enslavement (12)
 W - a wand of cold (11)
 X - a wand of random effects (27)
Scrolls
 a - a scroll of enchant weapon {unknown}
 m - a scroll of immolation
 o - 5 scrolls of teleportation
 p - a scroll of fear
 q - 5 scrolls of remove curse
 s - 2 scrolls of fog
 t - 2 scrolls of magic mapping
 v - 4 scrolls of random uselessness
 I - 2 scrolls of noise
Potions
 g - 3 potions of might
 i - 3 potions of curing
 j - 2 potions of haste {unknown}
 n - a potion of agility {unknown}
 x - 2 potions of heal wounds {unknown}
 B - a potion of cure mutation {unknown}
 C - a potion of lignification {unknown}
 F - a potion of magic {unknown}
 J - a potion of berserk rage {unknown}
 K - a potion of invisibility {unknown}
Miscellaneous
 e - a fan of gales
Comestibles
 c - 12 bread rations
 f - 11 meat rations
 H - 6 slices of pizza
 O - 6 fruits
 R - 12 royal jellies
 Z - 2 beef jerkies


   Skills:
 + Level 8.2 Fighting
 * Level 9.9 Maces & Flails
 - Level 0.1 Throwing
 + Level 12.1 Dodging


You had 11 spell levels left.
You didn't know any spells.

Dungeon Overview and Level Annotations

Branches:
Dungeon (12/15)            Temple (1/1) D:7            Lair (0/8) D:9
    Orc (3/4) D:12
    Elf: Orc:3-4

Altars:
Ashenzari
Cheibriados
Dithmenos
Elyvilon
Fedhas
Gozag
Kikubaaqudgha
Makhleb
Nemelex Xobeh
Okawaru
Qazlal
Ru
Sif Muna
Trog
Vehumet
Xom
Yredelemnul
Zin
The Shining One
Beogh

Portals:
Trove: D:11 (give 6 potions of haste)

Annotations:
D:12 exclusion: 2 obsidian statues


Innate Abilities, Weirdness & Mutations

You are too large for most types of armour.
You have claws for hands.
Your metabolism is lightning-fast.
You like to eat raw meat.
You heal very quickly.
You are covered in fur (AC +1).
You have very tough skin (AC +2).


Message History

The orc hits you but does no damage. The orc closely misses you.
The orc closely misses you. The warg completely misses you.
The orc moves out of view.
The orc misses you. The orc hits you with a hand axe!
* * * LOW HITPOINT WARNING * * *
The orc completely misses you. The orc hits you with a short sword.
* * * LOW HITPOINT WARNING * * *
The orc hits you with a hand axe.
* * * LOW HITPOINT WARNING * * *
The orc misses you. 2 orcs come into view.
The orc shouts!
You hit the orc.
You kill the orc!
Trog accepts your kill. The warg bites you.
* * * LOW HITPOINT WARNING * * *
The orc barely misses you.
The orc moves out of view.
The orc misses you. The orc hits you but does no damage. The warg bites you!
You die...

.≈######++###
≈≈≈≈≈≈≈..≈≈≈
o ...........
o.
#..........
...##......o.
..o........#
.....ohoo.##
....o.o@o..#
......ooo###
.........#
.#....#.##
###.#### #. #


You could see a warg and 13 orcs.

Vanquished Creatures
  A hydra (D:11)
  The ghost of nago the Summoner, a powerful TeSu of Ashenzari (D:11)
  An unseen horror (D:10)
  A hill giant (D:12)
  An elephant (D:9)
  Psyche (D:9)
  A spiny frog (D:9)
  2 centaur skeletons
  A merfolk (D:9)
  2 trolls
  3 two-headed ogres (D:8)
  2 wraiths
  Sigmund (D:3)
  2 hippogriffs (D:8)
  A hungry ghost (D:8)
  3 wyverns (D:8)
  12 yaks
  A soldier ant (D:11)
  3 ice beasts
  A phantom (D:11)
  A water moccasin (D:9)
  8 sky beasts
  7 black bears (D:8)
  5 ogres
  6 orc warriors
  6 centaurs
  A necrophage (D:12)
  2 big kobolds (D:8)
  Blork the orc (D:6)
  A crocodile (D:9)
  4 giant frogs
  2 scorpions
  21 killer bees (D:9)
  3 hounds
  3 crimson imps
  4 electric eels (D:8)
  2 giant frog zombies
  3 gnoll shamans (D:8)
  A jelly (D:8)
  15 orc wizards
  Crazy Yiuf (D:2)
  13 orc priests
  7 iguanas
  A giant frog skeleton (D:11)
  A hell rat (D:5)
  3 worker ants
  A killer bee zombie (D:10)
  3 sheep
  2 hound skeletons
  A worker ant zombie (D:5)
  Robin (D:3)
  17 adders
  8 gnolls
  10 river rats
  3 shadow imps
  5 oozes
  An adder zombie (D:6)
  An adder skeleton (D:4)
  5 worms
  10 giant geckos
  49 orcs
  6 giant cockroaches
  19 goblins
  13 hobgoblins
  8 kobolds
  4 quokkas
  4 ball pythons
  9 bats
  13 giant newts
  12 jackals
  A jackal zombie (D:5)
  33 rats
  A bush (D:2)
  3 fungi (D:2)
  A plant (D:8)
407 creatures vanquished.

Vanquished Creatures (collateral kills)
  A manticore (D:8)
  A queen bee (D:9)
  A troll (D:8)
  2 two-headed ogres (D:8)
  A merfolk (D:8)
  A yak (D:8)
  3 orc warriors (D:8)
  A gnoll sergeant (D:9)
  11 killer bees (D:9)
  An electric eel (D:8)
  A crimson imp (D:9)
  An orc priest (D:8)
  2 orc wizards (Orc:1)
  3 sheep (D:8)
  3 gnolls
  2 orcs (D:8)
35 creatures vanquished.

Vanquished Creatures (others)
  An adder (D:8)
  A jackal (D:8)
  A plant (D:8)
3 creatures vanquished.

Grand Total: 445 creatures vanquished

Notes
Turn   | Place    | Note
--------------------------------------------------------------
     0 | D:1      | barthelm the Troll Berserker began the quest for the Orb.
     0 | D:1      | Reached XP level 1. HP: 22/22 MP: 0/0
   177 | D:1      | Reached XP level 2. HP: 29/29 MP: 1/1
   437 | D:1      | Reached skill level 3 in Maces & Flails
   486 | D:1      | Reached XP level 3. HP: 19/36 MP: 2/2
   655 | D:1      | Acquired Trog's second power
  1132 | D:2      | Reached XP level 4. HP: 43/45 MP: 3/3
  1585 | D:2      | Found a basalt altar of Yredelemnul.
  1588 | D:2      | Found a glowing silver altar of Zin.
  1599 | D:2      | Found a burning altar of Makhleb.
  1602 | D:2      | Found a stormy altar of Qazlal.
  1897 | D:2      | Noticed Crazy Yiuf
  1903 | D:2      | Killed Crazy Yiuf
  1903 | D:2      | Reached XP level 5. HP: 53/53 MP: 0/4
  2144 | D:3      | Noticed Sigmund
  2177 | D:3      | Killed Sigmund
  2177 | D:3      | Reached skill level 4 in Dodging
  2177 | D:3      | Reached XP level 6. HP: 23/61 MP: 5/5
  2249 | D:3      | Found a snail-covered altar of Cheibriados.
  2515 | D:3      | Noticed Robin
  2538 | D:3      | Killed Robin
  2635 | D:3      | Found a blossoming altar of Fedhas.
  2642 | D:3      | Found a shattered altar of Ashenzari.
  2702 | D:3      | Acquired Trog's third power
  2973 | D:4      | Found a glowing drain.
  2986 | Sewer    | Entered a sewer
  3040 | Sewer    | Reached skill level 5 in Dodging
  3056 | Sewer    | Reached XP level 7. HP: 66/68 MP: 6/6
  3820 | D:5      | Entered Level 5 of the Dungeon
  3940 | D:5      | Reached skill level 6 in Dodging
  3994 | D:5      | Reached skill level 5 in Maces & Flails
  3995 | D:5      | Reached XP level 8. HP: 79/79 MP: 7/7
  4093 | D:5      | Received a gift from Trog
  5149 | D:6      | Reached skill level 5 in Fighting
  5176 | D:6      | Received a gift from Trog
  5386 | D:6      | Noticed Blork the orc
  5398 | D:6      | Killed Blork the orc
  5727 | D:6      | Reached skill level 7 in Dodging
  5875 | D:7      | Received a gift from Trog
  5884 | D:7      | Found a staircase to the Ecumenical Temple.
  5908 | Temple   | Entered the Ecumenical Temple
  6767 | D:7      | Reached XP level 9. HP: 88/88 MP: 8/8
  6804 | D:7      | Received a gift from Trog
  7211 | D:8      | Reached skill level 8 in Dodging
  7294 | D:8      | Found a basalt altar of Yredelemnul.
  7673 | D:8      | Reached skill level 9 in Dodging
  7673 | D:8      | Reached XP level 10. HP: 98/98 MP: 9/9
  7733 | D:8      | Identified Xanuqen's Disquisition on Enchantment (You found it on level 8 of the Dungeon)
  8048 | D:8      | Noticed a manticore
  8791 | D:8      | Killed a manticore
  9024 | D:8      | Reached skill level 10 in Dodging
  9789 | D:9      | Reached XP level 11. HP: 50/109 MP: 10/10
 10088 | D:9      | Found a staircase to the Lair.
 10088 | D:9      | Noticed an elephant
 10106 | D:9      | Killed an elephant
 10349 | D:9      | Reached skill level 11 in Dodging
 10421 | D:9      | Noticed Psyche
 10434 | D:9      | Killed Psyche
 10824 | D:10     | Entered Level 10 of the Dungeon
 10947 | D:10     | Killed an unseen horror
 11784 | D:11     | Noticed nago's ghost (powerful TeSu)
 11808 | D:11     | Killed nago's ghost
 11951 | D:11     | Found a portal to a secret trove of treasure.
 12221 | D:11     | Noticed a five-headed hydra
 12229 | D:11     | Killed a five-headed hydra
 12237 | D:11     | Reached skill level 12 in Dodging
 12501 | D:12     | Noticed a hill giant
 12513 | D:12     | Killed a hill giant
 12671 | D:12     | Noticed an obsidian statue
 12671 | D:12     | Noticed an obsidian statue
 12810 | D:12     | Received a gift from Trog
 12821 | D:12     | Reached XP level 12. HP: 100/119 MP: 11/11
 12937 | D:12     | Found a staircase to the Orcish Mines.
 12965 | D:12     | Found a roughly hewn altar of Beogh.
 13039 | Orc:1    | Entered Level 1 of the Orcish Mines
 13078 | Orc:1    | Found a runed door.
 13158 | Orc:1    | Found a roughly hewn altar of Beogh.
 13431 | Orc:2    | Slain by a warg

Vault maps used:
D:1:      lightli_molten_gateway
D:2:      grunt_temple_overflow_cloverleaf, minmay_bisected,
          uniq_crazy_yiuf_cottage
D:3:      lemuel_coloured_pillars_altar, amethyst_overflow_temple_binary,
          uniq_robin, uniq_sigmund
D:4:      gup_sewer_entry_pipe, kennysheep_small_square
D:5:      lemuel_ratsnest, first_bread, minmay_misc_feat_ornament
D:6:      roderic_greek_sauvastika, minmay_misc_feat_columns, uniq_blork_the_orc
D:7:      minmay_temple_entry_mist
D:8:      kennysheep_town
D:9:      david_lair_generic, hangedman_fish_farm, uniq_psyche
D:11:     enter_trove_6
D:12:     minmay_orc_entry_temple_small, minmay_more_statues
Temple:   minmay_temple_forest_path_12
Orc:1:    lightli_church_of_beogh
Orc:2:    nooodl_orcs_dogs
Orc:3:    serial_shops, shop, nicolae_orc_pool_cavern
Sewer:    sewer_co_cracked_pipes

Action                   |  1- 3 |  4- 6 |  7- 9 | 10-12 || total
-------------------------+-------+-------+-------+-------++-------
Melee: Mace              |   106 |   363 |   412 |   721 ||  1602
Throw: Stone             |       |     8 |    28 |     5 ||    41
Invok: Berserk           |       |     6 |    14 |    24 ||    44
       Trog's Hand       |       |     3 |     5 |     7 ||    15
       Brothers in Arms  |       |       |     4 |     9 ||    13
       Burn Spellbooks   |       |       |       |     4 ||     4
  Use: Scroll            |       |     6 |     7 |    17 ||    30
       Potion            |       |       |       |     4 ||     4
 Stab: Sleeping          |     1 |       |     1 |       ||     2
  Eat: Chunk             |    16 |    26 |    59 |    77 ||   178
       Fruit             |       |       |       |     5 ||     5
       Royal jelly       |       |       |       |     3 ||     3
